[Event "Titled Tuesday Blitz July 11 Early 2023"]
[White "Kim, Sergey"]
[Black "Fule, Simon"]
[WhiteFideId "13700570"]
[BlackFideId "787515"]
[WhiteElo "2554"]
[BlackElo "2411"]
[Result "1/2-1/2"]
[Round "10"]
[TimeControl "180+2"]
[Date "2023.07.11"]
[WhiteClock "0:01:29"]
[BlackClock "0:00:06"]
[Board "97"]

1. d4 Nf6 2. c4 d6 3. Nc3 g6 4. e4 Bg7 5. Nge2 O-O 6. Ng3 e5 7. d5 a5 8. Be2 Na6 9. O-O Nc5 10. Be3 b6 11. h3 Nfd7 12. Qd2 f5 13. exf5 gxf5 14. f4 e4 15. Nh5 Bh8 16. Nb5 Nf6 17. Nd4 Nxh5 18. Bxh5 Bd7 19. Be2 Qe7 20. Kh2 Rf6 21. Rg1 Rg6 22. Raf1 Bf6 23. g4 fxg4 24. f5 g3+ 25. Kh1 g2+ 26. Rxg2 Rxg2 27. Kxg2 Kh8 28. Ne6 Rg8+ 29. Kh1 Bxe6 30. fxe6 Be5 31. Bg4 Rxg4 32. hxg4 Qh4+ 33. Kg1 Qg3+ 34. Kh1 Qh3+ 35. Kg1 Qg3+ 36. Kh1 Qh3+ 37. Kg1 Qg3+ 1/2-1/2


[Site "https://www.chess.com"]

[Event "Titled Tuesday Blitz July 11 Early 2023"]
[White "Bruedigam, Martin"]
[Black "Szyszylo, Rafal"]
[WhiteFideId "24608033"]
[BlackFideId "1109626"]
[WhiteElo "2542"]
[BlackElo "2406"]
[Result "1-0"]
[Round "10"]
[TimeControl "180+2"]
[Date "2023.07.11"]
[WhiteClock "0:00:17"]
[BlackClock "0:00:00"]
[Board "98"]

1. c4 g6 2. g3 Nf6 3. Bg2 Bg7 4. Nc3 O-O 5. e4 d6 6. Nge2 c5 7. O-O Nc6 8. d3 Ne8 9. Be3 Nc7 10. d4 cxd4 11. Nxd4 Nxd4 12. Bxd4 Bxd4 13. Qxd4 Ne6 14. Qd2 Re8 15. Rad1 Qa5 16. Rfe1 Rb8 17. Qd5 Qb4 18. e5 dxe5 19. Qxe5 Ra8 20. b3 a5 21. Nd5 Qc5 22. Bh3 Ra6 23. Bxe6 Rxe6 24. Nf6+ exf6 25. Qxc5 Rxe1+ 26. Rxe1 Rxe1+ 27. Kg2 Bd7 28. Qxa5 Bc6+ 29. f3 Re2+ 30. Kg1 Bxf3 31. Qc3 Bc6 32. Qxf6 Rg2+ 33. Kf1 Rxh2 34. b4 Rxa2 35. b5 Bg2+ 36. Kg1 h5 37. c5 Be4 38. Qd8+ Kh7 39. Qd4 Re2 40. Qb4 Bd5 41. Qd4 Be4 42. Qc4 f5 43. Qxe2 1-0


[Site "https://www.chess.com"]

[Event "Titled Tuesday Blitz July 11 Early 2023"]
[White "Palencia Morales, Wilson Guillermo"]
[Black "Mejia, Cherry Ann"]
[WhiteFideId "4401859"]
[BlackFideId "5206880"]
[WhiteElo "2534"]
[BlackElo "2391"]
[Result "1-0"]
[Round "10"]
[TimeControl "180+2"]
[Date "2023.07.11"]
[WhiteClock "0:00:08"]
[BlackClock "0:00:19"]
[Board "99"]

1. d4 d5 2. c4 dxc4 3. Nf3 Nf6 4. e3 e6 5. Bxc4 a6 6. O-O c5 7. dxc5 Qxd1 8. Rxd1 Bxc5 9. Nbd2 b5 10. Be2 Bb7 11. Ne5 Nbd7 12. Nd3 Be7 13. Nb3 O-O 14. Bd2 Rac8 15. Na5 Bd5 16. Nb4 Bxb4 17. Bxb4 Rfe8 18. Bd3 Ne5 19. f3 Nc6 20. Nxc6 Bxc6 21. Rdc1 Nd5 22. Bd2 f6 23. Kf2 g6 24. Be1 Kf7 25. Be2 Red8 26. Ba5 Re8 27. Bd2 Bb7 28. e4 Nb6 29. b3 f5 30. exf5 exf5 31. Ba5 Nd5 32. Bd2 f4 33. Rxc8 Rxc8 34. Rc1 Rxc1 35. Bxc1 g5 36. Bd2 h6 37. Bd3 Nc7 38. g4 Ne6 39. Bc3 Nc5 40. Bc2 Bd5 41. b4 Nd7 42. a3 Nb6 43. Bd3 Bc4 44. Be4 Bd5 45. Bd3 Bc4 46. Be4 Bd5 47. Bc2 Nc4 48. a4 Ne3 49. Bd3 bxa4 50. Bd2 a3 51. Ke2 a2 52. Bc3 Bb7 53. Bh7 Nd5 54. Ba1 Nxb4 55. h3 Nc2 56. Bxc2 a5 57. Bb3+ Kg6 58. Bxa2 h5 59. Bb1+ Kh6 60. Kf2 hxg4 61. hxg4 a4 62. Bc2 Bc6 63. Bb2 Bb5 64. Ba3 Bc6 65. Bb1 Kg7 66. Ba2 Kf6 67. Bb2+ Kg6 68. Ba3 Kf6 69. Bb4 Kg6 70. Be7 Bb5 71. Bd5 Bd7 72. Be4+ Kf7 73. Bxg5 a3 74. Bxf4 a2 75. Be5 Ke6 76. Ba1 Kd6 77. Ke3 Be6 78. Kf4 Kc5 79. Bf5 Bd5 80. g5 Kc4 81. Be4 Be6 82. Ke5 Bg8 83. f4 Kb3 84. f5 Kc4 85. g6 Kc5 86. f6 Kb4 87. f7 Bxf7 88. gxf7 Kc4 89. f8=Q Kb3 90. Qf3+ Kc4 91. Qd3+ Kb4 92. Qc3+ Kb5 93. Bc6+ Kb6 94. Bd5 Kb5 95. Bxa2 Ka4 96. Qb3+ Ka5 97. Kd5 Ka6 98. Kc6 Ka7 99. Qb7# 1-0


[Site "https://www.chess.com"]

[Event "Titled Tuesday Blitz July 11 Early 2023"]
[White "Ncatt"]
[Black "Shturman, Arseniy"]
[BlackFideId "34275797"]
[WhiteElo "2388"]
[BlackElo "2530"]
[Result "1-0"]
[Round "10"]
[TimeControl "180+2"]
[Date "2023.07.11"]
[WhiteClock "0:00:52"]
[BlackClock "0:00:13"]
[Board "100"]

1. e4 c5 2. Nf3 d6 3. d4 cxd4 4. Nxd4 Nf6 5. Nc3 e5 6. Bb5+ Nbd7 7. Nf5 a6 8. Bc4 b5 9. Bd5 Rb8 10. Bg5 h6 11. Bh4 g6 12. Ne3 b4 13. Na4 Be7 14. Bb3 Bb7 15. f3 O-O 16. O-O Bc6 17. a3 bxa3 18. Rxa3 d5 19. Bxf6 Nxf6 20. exd5 Bxa3 21. dxc6 Be7 22. Qe1 Qc7 23. Qg3 Kg7 24. Re1 Kh7 25. Nc4 Qxc6 26. Nxe5 Bc5+ 27. Kh1 Qb5 28. Bxf7 Rxf7 29. Qxg6+ 1-0


[Site "https://www.chess.com"]

[Event "Titled Tuesday Blitz July 11 Early 2023"]
[White "Papayan, Oleg"]
[Black "MAHanif"]
[WhiteFideId "4193911"]
[WhiteElo "2522"]
[BlackElo "2386"]
[Result "0-1"]
[Round "10"]
[TimeControl "180+2"]
[Date "2023.07.11"]
[WhiteClock "0:00:00"]
[BlackClock "0:00:25"]
[Board "101"]

1. c4 Nf6 2. Nc3 g6 3. g3 Bg7 4. Bg2 c6 5. e4 d6 6. Nge2 Be6 7. b3 O-O 8. d4 c5 9. O-O cxd4 10. Nxd4 Bd7 11. h3 Nc6 12. Be3 a6 13. Qd2 Re8 14. Rad1 Qc7 15. Nd5 Nxd5 16. exd5 Nxd4 17. Bxd4 b5 18. Bxg7 Kxg7 19. Qd4+ Kg8 20. Rc1 bxc4 21. Rxc4 Qa5 22. Qc3 Qxc3 23. Rxc3 Rec8 24. Rfc1 Rxc3 25. Rxc3 Rc8 26. Rxc8+ Bxc8 27. b4 Kf8 28. Kf1 Ke8 29. Ke2 Kd8 30. Kd3 Kc7 31. a4 Bd7 32. a5 e6 33. h4 e5 34. Kc3 Bb5 35. g4 f5 36. g5 Kd7 37. Bf3 e4 38. Bd1 Ke7 39. h5 gxh5 40. Bxh5 Bf1 41. Kd4 Bb5 42. Bd1 Kf7 43. Bh5+ Kg7 44. Ke3 Bc4 45. Kf4 Bd3 46. Kxf5 e3+ 47. Ke6 exf2 48. Be2 Bxe2 0-1


[Site "https://www.chess.com"]

[Event "Titled Tuesday Blitz July 11 Early 2023"]
[White "Bueno, Alfeu Junior Varela"]
[Black "Jaskolka, Tomasz"]
[WhiteFideId "2108879"]
[BlackFideId "1170791"]
[WhiteElo "2379"]
[BlackElo "2521"]
[Result "0-1"]
[Round "10"]
[TimeControl "180+2"]
[Date "2023.07.11"]
[WhiteClock "0:00:51"]
[BlackClock "0:00:13"]
[Board "102"]

1. e4 c5 2. Nc3 e6 3. f4 d5 4. Nf3 dxe4 5. Nxe4 Nf6 6. Nf2 Nc6 7. Bb5 Bd7 8. O-O Be7 9. b3 O-O 10. Bb2 Nd4 11. Bd3 Bc6 12. Ne5 Qd5 13. Nxc6 Qxc6 14. Ng4 Nxg4 15. Qxg4 Bf6 16. Rae1 g6 17. Re3 Bg7 18. Kh1 Rad8 19. Qh4 Nf5 20. Bxf5 exf5 21. Rh3 h5 22. Bxg7 Kxg7 23. d3 b5 24. Rg3 c4 25. dxc4 bxc4 26. Qxh5 cxb3 27. cxb3 Qb5 28. Qf3 Rd2 29. Qc3+ Kg8 30. Qxd2 Qxf1# 0-1


[Site "https://www.chess.com"]

[Event "Titled Tuesday Blitz July 11 Early 2023"]
[White "Rian, Kapriaga"]
[Black "Malyi, Viacheslav"]
[WhiteFideId "7103263"]
[BlackFideId "14123983"]
[WhiteElo "2384"]
[BlackElo "2516"]
[Result "1/2-1/2"]
[Round "10"]
[TimeControl "180+2"]
[Date "2023.07.11"]
[WhiteClock "0:00:04"]
[BlackClock "0:00:14"]
[Board "103"]

1. Nf3 Nf6 2. b3 d6 3. Bb2 e5 4. e3 Nc6 5. d4 exd4 6. Nxd4 Nxd4 7. Qxd4 Be7 8. Nd2 O-O 9. Bd3 c6 10. c4 Re8 11. O-O Qa5 12. Rfd1 Bf8 13. Qh4 Be7 14. Bxf6 Bxf6 15. Qxh7+ Kf8 16. Rac1 Qxa2 17. Ne4 Qb2 18. Nxd6 Rd8 19. Bf5 Bxf5 20. Nxf5 g6 21. Qh6+ Bg7 22. Nxg7 Qxg7 23. Qg5 f6 24. Qf4 Qe7 25. h4 Kg7 26. h5 gxh5 27. g3 Qe5 28. Qf3 a5 29. Kg2 Kg6 30. Rh1 Rd2 31. Rh4 a4 32. bxa4 Rxa4 33. Rch1 Raa2 34. Rf1 Rac2 35. g4 hxg4 36. Rxg4+ Kf7 37. Rg3 Rxc4 38. Rh1 Qe4 39. Rh7+ Ke6 40. Rxb7 Qxf3+ 41. Rxf3 Rcc2 42. Rb6 Re2 43. Kg3 Red2 44. Rf4 Re2 45. Rf3 Red2 46. Rf4 Rd5 47. Kf3 Rf5 48. Rxf5 Kxf5 49. Ra6 Ke5 50. Kg3 f5 51. Ra4 c5 52. Ra8 Rc1 53. Re8+ Kf6 54. Rf8+ Ke6 55. Rc8 Kf7 56. Kf4 Ke6 57. Rc6+ Kd5 58. Rc8 Rf1 59. f3 c4 60. Rd8+ Kc5 61. Rf8 c3 62. Rxf5+ Kd6 63. Rf6+ Kd7 64. Rf7+ Kd8 65. Rf8+ Kd7 66. Rf7+ Kd6 67. Rf6+ Kd7 68. Rf7+ 1/2-1/2


[Site "https://www.chess.com"]

[Event "Titled Tuesday Blitz July 11 Early 2023"]
[White "Novikov, Evgenij"]
[Black "Harriott, Tyrell"]
[WhiteFideId "4125380"]
[BlackFideId "2086484"]
[WhiteElo "2487"]
[BlackElo "2378"]
[Result "1-0"]
[Round "10"]
[TimeControl "180+2"]
[Date "2023.07.11"]
[WhiteClock "0:00:03"]
[BlackClock "0:00:21"]
[Board "104"]

1. e4 d5 2. exd5 Nf6 3. d4 Qxd5 4. Nc3 Qd6 5. Nf3 a6 6. Ne5 Nc6 7. Nxc6 Qxc6 8. d5 Qb6 9. Bc4 Bg4 10. f3 Bf5 11. Qe2 O-O-O 12. g4 Bg6 13. h4 h6 14. h5 Bh7 15. Bb3 e5 16. Be3 Bc5 17. Na4 Qa5+ 18. Bd2 Bb4 19. c3 Bd6 20. a3 Qb5 21. Qd1 Bd3 22. c4 Bxc4 23. Bxc4 Qxc4 24. Rc1 Qxd5 25. Nb6+ Kb8 26. Nxd5 Nxd5 27. O-O b6 28. Qe2 Kb7 29. Qe4 c6 30. b4 Rc8 31. Kh1 Rhd8 32. Be1 Nf4 33. Bh4 f6 34. Rfd1 b5 35. Bg3 Nd5 36. Rxd5 cxd5 37. Qxd5+ Kb8 38. Rxc8+ Kxc8 39. Qc6+ Bc7 40. Bf2 Rd6 41. Qe8+ Kb7 42. Kg2 Rd2 43. Kf1 Rd1+ 44. Ke2 Rd8 45. Qf7 e4 46. fxe4 Rd6 47. Qb3 Re6 48. Qf3 Re5 49. Kf1 Re7 50. Bg3 Bb6 51. e5+ Ka7 52. exf6 gxf6 53. Qxf6 Rd7 54. Qf3 Rd2 55. Bf2 a5 56. Bxb6+ Kxb6 57. Qe3+ Rd4 58. Qxd4+ Ka6 59. Qc5 a4 60. g5 hxg5 61. Qd6+ Kb7 62. h6 Kc8 63. h7 Kb7 64. h8=Q g4 65. Qg7+ 1-0


[Site "https://www.chess.com"]

[Event "Titled Tuesday Blitz July 11 Early 2023"]
[White "Bashirli, Saadat"]
[Black "Postlmayer, Jakob"]
[WhiteFideId "13429990"]
[BlackFideId "1643622"]
[WhiteElo "2361"]
[BlackElo "2486"]
[Result "0-1"]
[Round "10"]
[TimeControl "180+2"]
[Date "2023.07.11"]
[WhiteClock "0:00:02"]
[BlackClock "0:00:20"]
[Board "105"]

1. e4 c6 2. d4 d5 3. exd5 cxd5 4. Bd3 Nc6 5. c3 Nf6 6. Bf4 Bg4 7. Ne2 e6 8. Nd2 Bd6 9. Bxd6 Qxd6 10. f3 Bh5 11. Ng3 Bg6 12. Nb3 O-O-O 13. Qd2 Kb8 14. O-O-O Rc8 15. Kb1 Qc7 16. Bxg6 hxg6 17. Nc5 Nd7 18. Nd3 Rh4 19. Qg5 Rch8 20. h3 f6 21. Qxg6 Nf8 22. Qe8+ Qc8 23. Qxc8+ Kxc8 24. Nc5 b6 25. Nd3 Kd7 26. Rhe1 g5 27. Nf2 R4h7 28. Ng4 Rf7 29. Rd2 Ng6 30. Nf2 a5 31. Nd3 Re7 32. Rde2 Kd6 33. Kc2 Rc8 34. Kd2 Rh8 35. Nf2 Nf4 36. Ng4 Nxe2 37. Rxe2 Rf7 38. Kd3 Ne7 39. Kd2 Ng6 40. Kc2 Nf4 41. Rd2 Rc8 42. Ne3 b5 43. Kd1 Rfc7 44. Rc2 b4 45. Kd2 bxc3+ 46. bxc3 Rb8 47. c4 dxc4 48. Nxc4+ Ke7 49. Ne4 a4 50. Ke3 Rbc8 51. Ned6 Rd8 52. Rb2 Rxd6 53. Nxd6 Kxd6 54. h4 Nd5+ 55. Kd3 Rc3+ 56. Kd2 gxh4 57. f4 Ra3 58. Ke2 Nxf4+ 59. Kd2 Kd5 60. Kc2 Kxd4 61. Rb4+ Ke5 62. Kb2 Rg3 63. Rb5+ Nd5 64. Ra5 Rxg2+ 65. Ka3 h3 66. Rxa4 h2 67. Rh4 f5 68. Rh8 Ne3 69. Kb3 Ng4 70. a4 Rg1 71. a5 h1=Q 72. Rxh1 Rxh1 73. a6 Rh8 74. a7 f4 75. a8=N Rxa8 76. Kc3 f3 77. Kd3 Rf8 78. Kd2 f2 79. Ke2 f1=Q+ 80. Kd2 Rf2+ 81. Kc3 Rf3+ 82. Kb4 Rf4+ 83. Ka5 Qa1+ 84. Kb5 Qb2+ 85. Kc5 Qc3+ 86. Kb5 Rb4+ 87. Ka6 Qa3# 0-1


[Site "https://www.chess.com"]

[Event "Titled Tuesday Blitz July 11 Early 2023"]
[White "Nithyalakshmi, Sivanesan"]
[Black "Ergazakis, Ioannis"]
[WhiteFideId "5706955"]
[BlackFideId "4290976"]
[WhiteElo "2365"]
[BlackElo "2484"]
[Result "0-1"]
[Round "10"]
[TimeControl "180+2"]
[Date "2023.07.11"]
[WhiteClock "0:00:00"]
[BlackClock "0:00:44"]
[Board "106"]

1. e4 e6 2. d4 d5 3. Bd3 dxe4 4. Bxe4 Nf6 5. Bf3 c5 6. Ne2 Nc6 7. Be3 Nd5 8. Bxd5 Qxd5 9. Nbc3 Qxg2 10. Rg1 Qh3 11. Nb5 Rb8 12. Nc7+ Kd8 13. Nb5 cxd4 14. Nexd4 Bd7 15. Nxc6+ bxc6 16. Nd4 Rc8 17. Qd2 Ke8 18. O-O-O Rc7 19. Bf4 Rb7 20. Nxc6 Ba3 21. Rg3 Bxb2+ 22. Kb1 Bc3+ 23. Nb4 Rxb4+ 24. Kc1 Bxd2+ 25. Bxd2 Qh4 26. Bxb4 Qxb4 27. Rxg7 Qf4+ 28. Kb1 Ke7 0-1


[Site "https://www.chess.com"]

[Event "Titled Tuesday Blitz July 11 Early 2023"]
[White "Baches Garcia, Guillermo"]
[Black "Shapiro, Daniel"]
[WhiteFideId "2209764"]
[BlackFideId "2001780"]
[WhiteElo "2472"]
[BlackElo "2342"]
[Result "0-1"]
[Round "10"]
[TimeControl "180+2"]
[Date "2023.07.11"]
[WhiteClock "0:00:00"]
[BlackClock "0:01:11"]
[Board "107"]

1. e4 c5 2. Nf3 e6 3. d4 cxd4 4. Nxd4 a6 5. Bd3 g6 6. O-O Bg7 7. Nb3 Ne7 8. c4 Nbc6 9. Nc3 O-O 10. Be3 d5 11. exd5 exd5 12. Bc5 dxc4 13. Bxc4 b5 14. Be2 Be6 15. Bf3 Rc8 16. Rc1 Qxd1 17. Rfxd1 Rfd8 18. h3 a5 19. Bb6 Rxd1+ 20. Rxd1 a4 21. Nc5 a3 22. Nxb5 axb2 23. Nxe6 fxe6 24. Rb1 Rb8 0-1


[Site "https://www.chess.com"]

[Event "Titled Tuesday Blitz July 11 Early 2023"]
[White "Andreassen, Lars"]
[Black "Namitbir Singh Walia"]
[WhiteFideId "1504878"]
[BlackFideId "35071068"]
[WhiteElo "2340"]
[BlackElo "2471"]
[Result "1-0"]
[Round "10"]
[TimeControl "180+2"]
[Date "2023.07.11"]
[WhiteClock "0:01:17"]
[BlackClock "0:01:29"]
[Board "108"]

1. d4 d5 2. Nf3 Nf6 3. c4 c6 4. Nc3 e6 5. Bg5 dxc4 6. e4 b5 7. e5 h6 8. Bh4 g5 9. exf6 gxh4 10. Ne5 Qxf6 11. Be2 Rg8 12. Bh5 Rg7 13. Ne4 Qd8 14. O-O h3 15. g3 Nd7 16. Qf3 Nxe5 17. dxe5 Qc7 18. Nf6+ Ke7 19. Rfe1 Bb7 20. Rad1 Rd8 21. Qe3 Rg5 22. Qc5+ 1-0


[Site "https://www.chess.com"]

[Event "Titled Tuesday Blitz July 11 Early 2023"]
[White "Kopczynski, Michal"]
[Black "Romero Arzuaga, Yudel"]
[WhiteFideId "1124200"]
[BlackFideId "3521010"]
[WhiteElo "2466"]
[BlackElo "2332"]
[Result "1-0"]
[Round "10"]
[TimeControl "180+2"]
[Date "2023.07.11"]
[WhiteClock "0:00:50"]
[BlackClock "0:00:00"]
[Board "109"]

1. e4 d5 2. e5 Bf5 3. d4 e6 4. Bd3 Bg6 5. f4 c5 6. dxc5 Bxc5 7. Nf3 Ne7 8. Nc3 a6 9. Bxg6 hxg6 10. Qd3 Nbc6 11. a3 Nf5 12. Bd2 b5 13. O-O-O Qb6 14. g4 Nfe7 15. f5 gxf5 16. gxf5 Nxf5 17. Nxd5 Qb7 18. Nb4 Nxb4 19. Bxb4 Bxb4 20. axb4 O-O 21. Rhg1 Qb6 22. Ng5 Qe3+ 23. Qxe3 Nxe3 24. Rd7 Nc4 25. Re1 Rad8 26. Ra7 Ra8 27. Rxa8 Rxa8 28. b3 Nb6 29. Kb2 Nd5 30. c3 Rc8 31. Ne4 Nf4 32. Ra1 Nd3+ 33. Kb1 Nxe5 34. Rxa6 Rd8 35. Nd6 f5 36. Nxb5 Kf7 37. Nd4 Re8 38. b5 f4 39. b6 f3 40. Ra2 Rb8 41. Nxf3 Nxf3 42. Rf2 Ke7 43. Rxf3 Rxb6 44. Kc2 Rc6 45. c4 e5 46. Kd3 Ke6 47. Ke4 Rd6 48. Rg3 Rd4+ 49. Ke3 Kf6 50. h3 g5 51. Rg4 Rd1 52. c5 Rb1 53. b4 Rb3+ 54. Ke4 Rxb4+ 55. Kd5 Rb1 56. c6 Rd1+ 57. Kc5 Rc1+ 58. Kb6 Rb1+ 59. Ka7 Ra1+ 60. Kb8 Rb1+ 61. Kc8 Rc1 62. c7 Kf5 63. Rb4 e4 64. Kb8 e3 65. c8=Q+ Rxc8+ 66. Kxc8 e2 67. Rb1 Kf4 68. Kd7 Kf3 69. Ke6 Kf2 70. Kf5 e1=Q 71. Rxe1 Kxe1 72. Kxg5 Kf2 73. h4 1-0


[Site "https://www.chess.com"]

[Event "Titled Tuesday Blitz July 11 Early 2023"]
[White "Begunov, Konstantin"]
[Black "Okike, David"]
[WhiteFideId "4118510"]
[BlackFideId "8500134"]
[WhiteElo "2432"]
[BlackElo "2321"]
[Result "1-0"]
[Round "10"]
[TimeControl "180+2"]
[Date "2023.07.11"]
[WhiteClock "0:00:11"]
[BlackClock "0:01:29"]
[Board "111"]

1. d4 Nf6 2. c4 e6 3. Nf3 Bb4+ 4. Nbd2 b6 5. a3 Be7 6. e4 d5 7. cxd5 exd5 8. e5 Nfd7 9. Bd3 c5 10. O-O c4 11. Bb1 b5 12. Re1 Nb6 13. Nf1 Nc6 14. Ng3 Bg4 15. Be3 a5 16. h3 Be6 17. Nf5 g6 18. Nxe7 Nxe7 19. Bg5 Qd7 20. Bf6 Rg8 21. Qd2 h5 22. Ng5 O-O-O 23. Qxa5 Kb7 24. Bxe7 Qxe7 25. Nxe6 fxe6 26. Qxb5 Rdf8 27. a4 Qd7 28. Qb4 Ka6 29. a5 Na8 30. Qd6+ Qxd6 31. exd6 Rf6 32. b3 Rd8 33. bxc4 dxc4 34. Ba2 Rxd6 35. Bxc4+ Ka7 36. Rad1 Nc7 37. f3 Nd5 38. Bxd5 Rxd5 39. Re5 Ka6 40. Rxd5 exd5 41. Rc1 Rf4 42. Rc6+ Kxa5 43. Rxg6 Rxd4 44. Rg5 h4 45. Rg4 Rd1+ 46. Kf2 Rd2+ 47. Ke3 Rb2 48. Kd4 Rd2+ 49. Kc3 Rf2 50. Kd4 Rd2+ 51. Ke3 Rb2 52. f4 Kb6 53. f5 Kc6 54. Kd4 Rf2 55. Ke5 Re2+ 56. Kf6 Kc5 57. Kg7 d4 58. f6 d3 59. f7 Rf2 60. Rg5+ Kc4 61. Rg6 Kc5 62. Rg5+ Kc4 63. Rg6 Kd5 64. Rf6 Rxg2+ 65. Kh7 d2 66. f8=Q Kd4 67. Rd6+ Ke3 68. Qe7+ Kf3 69. Qf6+ Kg3 70. Qe5+ Kxh3 71. Qe3+ Kh2 72. Rxd2 h3 73. Qf4+ Kh1 74. Rd1+ Rg1 75. Qf3+ Kh2 76. Qf2+ Rg2 77. Qf3 Rg1 78. Rd2+ Rg2 79. Rd3 Kg1 80. Qxh3 Rh2 81. Qxh2+ Kxh2 82. Kg6 Kg2 83. Kg5 1-0


[Site "https://www.chess.com"]

[Event "Titled Tuesday Blitz July 11 Early 2023"]
[White "Lopez Gracia, Fernando"]
[Black "SicilianPanzer"]
[WhiteFideId "2207184"]
[WhiteElo "2427"]
[BlackElo "2247"]
[Result "0-1"]
[Round "10"]
[TimeControl "180+2"]
[Date "2023.07.11"]
[WhiteClock "0:01:25"]
[BlackClock "0:00:37"]
[Board "112"]

1. e4 e6 2. d4 d5 3. Nd2 h6 4. exd5 exd5 5. Bd3 Nf6 6. Ngf3 Bd6 7. O-O O-O 8. c4 c6 9. c5 Bc7 10. b4 Bg4 11. h3 Bh5 12. Qc2 Bxf3 13. Nxf3 Re8 14. Bd2 Nbd7 15. Rfe1 Nf8 16. Rxe8 Qxe8 17. Re1 Qd7 18. a4 Re8 19. Rxe8 Qxe8 20. b5 Ne6 21. bxc6 bxc6 22. Qb2 Ne4 23. Be3 f5 24. Qb7 a5 25. Bxe4 dxe4 26. Nd2 f4 27. d5 fxe3 28. d6 exd2 29. dxc7 d1=Q+ 30. Kh2 Nxc7 31. Qxc7 Qd5 32. Qxa5 Qee5+ 33. g3 e3 34. Qa8+ Kh7 35. fxe3 Qxe3 36. h4 Qf2+ 37. Kh3 Qdf5+ 0-1


[Site "https://www.chess.com"]

[Event "Titled Tuesday Blitz July 11 Early 2023"]
[White "Tagliata"]
[Black "Stork, Oliver"]
[BlackFideId "12955728"]
[WhiteElo "2231"]
[BlackElo "2425"]
[Result "0-1"]
[Round "10"]
[TimeControl "180+2"]
[Date "2023.07.11"]
[WhiteClock "0:00:19"]
[BlackClock "0:00:33"]
[Board "113"]

1. e4 c5 2. Nf3 d6 3. d4 cxd4 4. Nxd4 Nf6 5. Nc3 g6 6. Be3 Bg7 7. f3 O-O 8. Qd2 Nc6 9. Bc4 Nxd4 10. Bxd4 Be6 11. Bxe6 fxe6 12. O-O-O Qa5 13. Kb1 b5 14. Ne2 b4 15. Nc1 Qb5 16. Qd3 Qb7 17. Qc4 d5 18. exd5 exd5 19. Qd3 Rfd8 20. Rhe1 Rac8 21. Nb3 Rc4 22. Nc5 Qc6 23. Ne6 Rd7 24. Nxg7 Kxg7 25. g4 Kf7 26. f4 Ne4 27. Bg1 e6 28. h4 Rb7 29. h5 Nc3+ 30. bxc3 bxc3+ 31. Ka1 Qa4 32. hxg6+ hxg6 33. Rb1 Qxa2+ 34. Kxa2 Ra4# 0-1


[Site "https://www.chess.com"]

[Event "Titled Tuesday Blitz July 11 Early 2023"]
[White "Matute Escobar, Roxanny"]
[Black "Herman, Daniel"]
[WhiteFideId "3926028"]
[BlackFideId "30935008"]
[WhiteElo "2227"]
[BlackElo "2424"]
[Result "0-1"]
[Round "10"]
[TimeControl "180+2"]
[Date "2023.07.11"]
[WhiteClock "0:00:21"]
[BlackClock "0:00:47"]
[Board "114"]

1. e4 d6 2. d4 Nf6 3. Nc3 e5 4. Nf3 Nbd7 5. Bc4 Be7 6. Qe2 O-O 7. Bb3 c6 8. h3 b5 9. dxe5 dxe5 10. Be3 b4 11. Nd1 Nxe4 12. Nd2 Nxd2 13. Qxd2 Ba6 14. f3 Bh4+ 15. Nf2 Nf6 16. Qxb4 Nd5 17. Bxd5 cxd5 18. Bc5 Re8 19. O-O-O Rb8 20. Qc3 d4 21. Qa3 Bxf2 22. Qxa6 Qd5 23. b4 Be3+ 24. Rd2 Rec8 25. Kd1 Bxd2 26. Kxd2 e4 27. fxe4 Qxe4 28. Re1 Qxg2+ 29. Re2 Qg5+ 30. Kd1 Rxc5 31. Qb7 Rcc8 32. Qxa7 0-1


[Site "https://www.chess.com"]

[Event "Titled Tuesday Blitz July 11 Early 2023"]
[White "Nikologorsky, Matfei"]
[Black "Kev4444444444"]
[WhiteFideId "24102474"]
[WhiteElo "2424"]
[BlackElo "2225"]
[Result "0-1"]
[Round "10"]
[TimeControl "180+2"]
[Date "2023.07.11"]
[WhiteClock "0:00:00"]
[BlackClock "0:00:11"]
[Board "115"]

1. e4 c5 2. Nf3 g6 3. d4 cxd4 4. Nxd4 Bg7 5. Nc3 Nc6 6. Be3 Nf6 7. Nxc6 dxc6 8. Qxd8+ Kxd8 9. O-O-O+ Bd7 10. f3 e5 11. Bc4 Ke8 12. a4 Bf8 13. Rd3 Be6 14. Bxe6 fxe6 15. Rhd1 h6 16. Nb1 b5 17. Nd2 Rh7 18. Rc3 Re7 19. Rxc6 bxa4 20. Nc4 Kf7 21. Nxe5+ Kg7 22. Rd4 a3 23. bxa3 Rb7 24. Ra4 a5 25. Bc5 Bxc5 26. Rxc5 Rba7 27. Nc6 Rc7 28. Rac4 Rac8 29. Kd2 Nd7 30. Rxa5 Rxc6 31. Rxc6 Rxc6 32. Ra7 Rd6+ 33. Ke3 e5 34. f4 exf4+ 35. Kxf4 Kf6 36. Ra8 Ne5 37. Rf8+ Nf7 38. Rc8 Ra6 39. Rc3 Ne5 40. h3 g5+ 41. Ke3 Ng6 42. Kd4 Ke6 43. Kc5 Ke5 44. Kb5 Ra8 45. a4 Kxe4 46. a5 Ne5 47. a6 Kd4 48. Rc7 Rb8+ 49. Ka4 Kd5 50. a7 Ra8 51. Kb5 Kd6 52. Kb6 Nd7+ 53. Kb7 Rxa7+ 54. Kxa7 Kxc7 55. Ka6 Kc6 56. Ka7 Ne5 57. Kb8 Ng6 58. g3 Ne7 0-1


[Site "https://www.chess.com"]

[Event "Titled Tuesday Blitz July 11 Early 2023"]
[White "whiteglovethief"]
[Black "Sava, Christiansen-Danut-Eugen"]
[BlackFideId "1210114"]
[WhiteElo "2421"]
[BlackElo "2076"]
[Result "0-1"]
[Round "10"]
[TimeControl "180+2"]
[Date "2023.07.11"]
[WhiteClock "0:00:38"]
[BlackClock "0:00:53"]
[Board "116"]

1. d4 Nf6 2. c4 e6 3. Nf3 Bb4+ 4. Bd2 Qe7 5. g3 Nc6 6. Bg2 Bxd2+ 7. Nbxd2 d6 8. O-O e5 9. d5 Nb8 10. e4 O-O 11. Ne1 a5 12. Nd3 Na6 13. f4 Bg4 14. Qc2 exf4 15. gxf4 Nb4 16. Nxb4 axb4 17. Rae1 Nd7 18. e5 dxe5 19. fxe5 Nxe5 20. h3 Bd7 21. c5 f6 22. Nc4 Qxc5+ 23. Ne3 Qxc2 24. Nxc2 Rxa2 25. Nxb4 Rxb2 26. Rb1 Rxb1 27. Rxb1 Ra8 28. Nc2 Ra2 29. Nd4 b6 30. d6 c5 31. Bd5+ Kf8 32. Bxa2 cxd4 33. Rxb6 g5 34. Rb8+ Kg7 35. Rg8+ Kh6 36. Bb1 Bxh3 37. Rh8 d3 38. Kf2 Bg4 39. Ke3 Kg7 40. Rb8 Bf5 41. Rb7+ Kf8 42. Ba2 Ke8 43. Bb3 Kd8 44. Ba4 h5 45. Rb8+ Bc8 46. Bb5 Nd7 47. Ba6 Nxb8 0-1


[Site "https://www.chess.com"]

[Event "Titled Tuesday Blitz July 11 Early 2023"]
[White "Nagare Kaivalya Sandip"]
[Black "Villuendas Valero, Adrian"]
[WhiteFideId "25957929"]
[BlackFideId "2262460"]
[WhiteElo "2630"]
[BlackElo "2378"]
[Result "1-0"]
[Round "10"]
[TimeControl "180+2"]
[Date "2023.07.11"]
[WhiteClock "0:00:58"]
[BlackClock "0:00:25"]
[Board "117"]

1. e4 e6 2. d4 d5 3. Nc3 Bb4 4. e5 c5 5. a3 Bxc3+ 6. bxc3 Qa5 7. Bd2 Qa4 8. Nf3 b6 9. h4 Ba6 10. Bxa6 Nxa6 11. O-O Ne7 12. h5 h6 13. dxc5 Nxc5 14. Nd4 O-O-O 15. Rb1 Ne4 16. Rb4 Qd7 17. Nb5 Nc6 18. Ra4 Na5 19. Qe2 Nxd2 20. Nd6+ Kb8 21. Rxa5 Nxf1 22. Ra6 f6 23. Qxf1 fxe5 24. Nb5 Rc8 25. Rxa7 Qxa7 26. Nxa7 Kxa7 27. Qb5 Rc7 28. c4 Rd8 29. cxd5 exd5 30. a4 Rc5 31. Qb4 d4 32. a5 Rcd5 33. Qxb6+ Ka8 34. Qc6+ Ka7 35. Qc7+ Ka6 36. Qb6# 1-0


[Site "https://www.chess.com"]

[Event "Titled Tuesday Blitz July 11 Early 2023"]
[White "GAO"]
[Black "Janaszak, Dawid"]
[BlackFideId "1119206"]
[WhiteElo "2377"]
[BlackElo "2550"]
[Result "0-1"]
[Round "10"]
[TimeControl "180+2"]
[Date "2023.07.11"]
[WhiteClock "0:00:00"]
[BlackClock "0:00:40"]
[Board "118"]

1. e4 g6 2. d4 Bg7 3. Nc3 a6 4. Bg5 b5 5. a4 b4 6. Nd5 Bb7 7. Bd3 Bxd4 8. Nxb4 c5 9. c3 Bxf2+ 10. Kxf2 cxb4 11. cxb4 Nf6 12. Bxf6 Qb6+ 13. Ke1 Qxf6 14. Nf3 Qxb2 15. Rb1 Qxg2 16. Rg1 Qh3 17. Kf2 O-O 18. Rg3 Qh6 19. Kg2 Nc6 20. Rh3 Qg7 21. b5 axb5 22. axb5 Ne5 23. Ng5 Ra2+ 24. Kg1 h6 25. Nf3 Nxd3 26. Qxd3 Ra1 27. Rxa1 Qxa1+ 28. Kg2 Kg7 29. Qe3 Qb2+ 30. Kg3 Rh8 31. Nd4 e5 32. Nf3 d6 33. Qd3 d5 34. exd5 f5 35. Qc4 Rc8 36. Qh4 f4+ 37. Kg4 h5+ 38. Kg5 Rf8 39. Nd4 Qxd4 0-1


[Site "https://www.chess.com"]